 Dungeon Crawl Stone Soup version 0.29.0-4-gdea44cf6ec (webtiles) character file.

Game seed: 1560632925573654020

62031 qw the Peltast (level 12, 0/103 (115) HPs)
             Began as a Minotaur Fighter on Sept 4, 2022.
             Was the Champion of Ru.
             Slain by a slime creature (1 damage)
             ... summoned by an orange crystal statue
             ... on level 13 of the Dungeon.
             The game lasted 00:08:02 (20128 turns).

qw the Peltast (Minotaur Fighter)                  Turns: 20128, Time: 00:08:03

HP:   0/103 (115)   AC: 28    Str: 25      XL:     12   Next: 62%
MP:   5/11          EV: 10    Int:  1 (5)  God:    Ru [******]
Gold: 1180          SH:  0    Dex: 20      Spells: 11/11 levels left

rFire   + . .      SeeInvis .   Y - +5 war axe (elec)
rCold   . . .      Faith    .   p - +0 tower shield
rNeg    . . .      Spirit   .   i - +1 plate armour {rF+}
rPois   +          Reflect  .   g - +0 hat of Instinct {Dex+9}
rElec   .          Harm     .   f - +1 cloak
rCorr   .          Rampage  .   e - +0 pair of gloves
Will    .....                   l - +2 pair of boots
Stlth   ..........              j - amulet of regeneration
HPRegen 1.07/turn               h - ring of poison resistance
MPRegen 0.12/turn               v - +4 ring of protection

@: confused, heavily drained
A: horns 2, inability to use devices, hated by all, disrupted magic 1,
inexperienced 2, retaliatory headbutt
a: Renounce Religion, Draw Out Power, Power Leap, Apocalypse


You were on level 13 of the Dungeon.
You worshipped Ru.
Ru was exalted by your worship.
You visited 3 branches of the dungeon, and saw 20 of its levels.

You collected 1569 gold pieces.
You spent 389 gold pieces at shops.


Innate Abilities, Weirdness & Mutations

You have a pair of horns on your head.
You cannot study or use magical devices.
You are hated by all.
Your casting is slightly disrupted.
You are inexperienced. (-2 XL)
You reflexively headbutt those who attack you in melee.


   Skills:
 - Level 13.0 Fighting
 - Level 17.0 Axes
 - Level 1.2 Throwing
 - Level 13.0 Armour
 - Level 8.0 Dodging
 + Level 17.6 Shields


You had 11 spell levels left.
You didn't know any spells.
Your spell library was empty.

Inventory:

Hand Weapons
 o - a +0 morningstar
 Y - a +5 war axe of electrocution (weapon)
Armour
 e - a +0 pair of gloves (worn)
 f - a +1 cloak (worn)
 g - the +0 hat of Instinct (worn) {Dex+9}
   (You acquired it on level 2 of the Lair of Beasts)

   Dex:       It affects your dexterity (+9).
 i - a +1 plate armour of fire resistance (worn)
 l - a +2 pair of boots (worn)
 n - a +2 plate armour
 p - a +0 tower shield (worn)
Jewellery
 h - a ring of poison resistance (left hand)
 j - an amulet of regeneration (around neck)
 v - a +4 ring of protection (right hand)
 x - a +6 ring of strength
Scrolls
 a - a scroll of identify
 k - 7 scrolls of teleportation
Potions
 b - 7 potions of mutation
 d - 3 potions of might
 m - a potion of cancellation
 s - 2 potions of resistance
 t - a potion of haste

Dungeon Overview and Level Annotations

Branches:
Dungeon (14/15)            Temple (1/1) D:4            Lair (5/5) D:8
 Shoals (0/4) Lair:3       Spider (0/4) Lair:3        Slime (0/5) Lair:4
    Orc (0/2) D:10
 Vaults: D:13-14

Altars:
Ashenzari
Cheibriados
Dithmenos
Elyvilon
Gozag
Kikubaaqudgha
Makhleb
Nemelex Xobeh
Okawaru
Qazlal
Ru
Sif Muna
Trog
Uskayaw
Vehumet
Wu Jian
Xom
Zin
The Shining One

Shops:
D:8 ?   D:14 (

Portals:
Hell: Lair:5

Annotations:
D:4 3 runed translucent doors, qw's ghost, amateur GrBe
D:10 3 runed translucent doors, qw's ghost, journeyman GrBe


Message History

The slime creature is stunned by your conviction and fails to attack.
The slime creature hits you but does no damage.
The very large slime creature hits you but does no damage.
The orange crystal statue glitters.
You are more confused.
The slime creature closely misses you.
You bump into the rock wall.
The slime creature hits you but does no damage. x2
The orange crystal statue begins to attack, but is stunned by your conviction!
The very large slime creature hits you! The slime creature hits you.
You're too confused to move!
The slime creature hits you but does no damage.
The slime creature closely misses you. The slime creature hits you.
You bump into the rock wall.
The very large slime creature hits you.
The slime creature completely misses you.
The slime creature hits you but does no damage.
The slime creature hits you.
You slice the slime creature!!
Your headbutt misses the slime creature.
The slime creature is almost dead.
You slash the slime creature! You slice the slime creature!!
You slash the very large slime creature!
You redirect the slime creature's attack!
The slime creature hits the slime creature.
The slime creature hits you but does no damage.
The very large slime creature is stunned by your conviction and fails to attack.
You hit the slime creature.
You kill the slime creature!
The slime creature dissolves into shadows!
You barely miss the slime creature. You slash the slime creature!
You closely miss the very large slime creature.
The slime creature is stunned by your conviction and fails to attack.
The slime creature hits you but does no damage.
The orange crystal statue fixes its piercing gaze on you.
You feel your power leaking away.
You're too confused to move!
The very large slime creature hits you!!
The slime creature hits you.
You die...

.#.#)## #.#)#.# .#.#.##
#.#(#.# .#.#.## ### ######
#8# ######## #Q# .#.....##
##J## ........#. #@..#
.......... ##JJ.##
.........# ###.....###
.....########.........##
...................$..$....
...........................
.....#######################
...................###......
.......###.###...###........


You could see an orange crystal statue, a very large slime creature (summoned,
slow), 2 slime creatures and a tengu warrior (summoned).

Vanquished Creatures
  Gastronok (Lair:3)
  Louise (D:14)
  A dire elephant (Lair:5)
  A vault guard (D:13)
  Harold (Lair:2)
  2 boulder beetles
  Erica (D:8)
  Erolcha (D:11)
  2 centaur warriors (D:13)
  5 hydras
  A catoblepas (Lair:3)
  5 two-headed ogres
  A death yak (Lair:5)
  A sun demon (Lair:5)
  2 fire crabs
  A wizard (Lair:5)
  3 lindwurms
  2 deep elf pyromancers (D:12)
  A cyclops (D:13)
  A manticore (D:13)
  2 slime creatures (D:14)
  3 ugly things
  A guardian serpent (D:14)
  20 elephants
  A smoke demon (Lair:5)
  2 torpor snails
  2 gargoyles (D:13)
  4 orange demons (Lair:5)
  2 black mambas
  11 cane toads
  2 unseen horrors
  Maggie (D:9)
  An efreet (D:14)
  2 ice devils (Lair:5)
  4 rime drakes (Lair:5)
  10 komodo dragons
  2 kobold demonologists (D:12)
  A meliai (shapeshifter) (D:12)
  3 trolls
  2 polar bears
  5 blink frogs (Lair:1)
  9 dream sheep
  4 culicivoras (Lair:3)
  2 shadows
  53 yaks
  2 wyverns
  2 wraiths (D:12)
  2 basilisks
  A steam dragon (D:8)
  A death yak simulacrum (Lair:1)
  2 acid dragons
  Duvessa (D:7)
  11 water moccasins
  3 hell hounds (Lair:5)
  An ice beast (D:6)
  3 black bears
  A sky beast (D:7)
  2 orc warriors
  7 wolves
  5 ogres
  5 centaurs
  3 kobold brigands
  2 gnoll sergeants
  6 bullfrogs
  A water moccasin zombie (D:4)
  A cane toad simulacrum (Lair:1)
  A scorpion (D:5)
  17 wights
  Dowan (D:7)
  4 killer bees (D:9)
  8 howler monkeys
  15 jellies
  A gnoll bouda (D:5)
  An orc priest (D:7)
  A hound (D:5)
  6 iguanas
  9 orc wizards
  13 hell rats
  A wolf simulacrum (Lair:1)
  A hound zombie (D:4)
  14 gnolls
  6 adders
  A shadow imp (D:7)
  2 white imps (D:6)
  3 ufetubi
  4 worms
  A dart slug (D:2)
  31 orcs
  12 ball pythons
  7 endoplasms
  3 giant cockroaches
  5 goblins
  7 hobgoblins
  2 jackals (D:3)
  5 quokkas
  4 bats
  2 frilled lizards
  10 kobolds
  2 rats
  A bush (Lair:4)
446 creatures vanquished.

Vanquished Creatures (others)
  2 hydras (Lair:5)
  A boulder beetle (D:13)
  An elephant (Lair:5)
  A komodo dragon (Lair:3)
  A yak (Lair:2)
  A gnoll (D:13)
  A kobold (D:12)
  59 fungi
  100 plants
  11 withered plants (D:3)
178 creatures vanquished.

Grand Total: 624 creatures vanquished

Notes
Turn   | Place    | Note
-------+----------+-------------------------------------------
     0 | D:1      | qw the Minotaur Fighter began the quest for the Orb.
     0 | D:1      | Reached XP level 1. HP: 19/19 MP: 0/0
     0 | D:1      | 0 ||| qw: Version: 0.1-a-103-gd6f5d3a
     0 | D:1      | 0 ||| qw: Game counter: 5770
     0 | D:1      | 0 ||| qw: Always use a shield: true
     0 | D:1      | 0 ||| qw: God list: Ru
     0 | D:1      | 0 ||| qw: Allow faded altars: false
     0 | D:1      | 0 ||| qw: Do Orc after D:15 true
     0 | D:1      | 0 ||| qw: Do second Lair branch before Depths: true
     0 | D:1      | 0 ||| qw: Lair rune preference: random
     0 | D:1      | 0 ||| qw: Plans: Normal
     0 | D:1      | 0 ||| PLANNING D:1-11
   113 | D:1      | 113 ||| Stepping ~*~*~tactically~*~*~ (stealth).
   125 | D:1      | Reached skill level 3 in Axes
   504 | D:1      | Reached XP level 2. HP: 26/26 MP: 1/1
   939 | D:1      | 939 ||| READING 3 scrolls labelled RULEMALYXI.
   940 | D:1      | 940 ||| READING 2 scrolls labelled FETUOD MEZEPHACLI.
   941 | D:1      | 941 ||| READING scroll labelled NIUJIAMPIMIXT.
   942 | D:1      | 942 ||| READING 2 scrolls of identify.
   942 | D:1      | 942 ||| IDENTIFYING bubbling pink potion
   943 | D:1      | 943 ||| DROPPING scroll of poison.
   944 | D:1      | 944 ||| Stepping randomly (stuck).
   945 | D:1      | 945 ||| Stepping ~*~*~tactically~*~*~ (cloud).
   946 | D:1      | 946 ||| DRINKING potion of curing.
   946 | D:1      | 946 ||| (to cure poison)
  1141 | D:2      | 1141 ||| STAIRDANCE
  1143 | D:2      | 1143 ||| STAIRDANCE
  1198 | D:2      | Found a faded altar of an unknown god.
  1299 | D:2      | Reached XP level 3. HP: 29/31 MP: 2/2
  1602 | D:2      | 1602 ||| UPGRADING to +0 pair of boots.
  1607 | D:2      | 1607 ||| READING scroll labelled JOPRIM LIYDY.
  1610 | D:2      | 1610 ||| READING 2 scrolls labelled INERUOFANY.
  1611 | D:2      | 1611 ||| READING scroll labelled ZIQEJEETAM.
  1712 | D:2      | 1712 ||| READING 2 scrolls of identify.
  1712 | D:2      | 1712 ||| IDENTIFYING murky grey potion
  1713 | D:2      | 1713 ||| DROPPING potion of degeneration.
  1714 | D:2      | 1714 ||| DROPPING scroll of noise.
  1730 | D:3      | 1730 ||| STAIRDANCE
  1788 | D:3      | 1788 ||| Stepping ~*~*~tactically~*~*~ (stealth).
  1816 | D:3      | 1816 ||| Stepping ~*~*~tactically~*~*~ (stealth).
  1832 | D:3      | 1832 ||| FLEEEEING.
  1975 | D:3      | 1975 ||| Stepping ~*~*~tactically~*~*~ (stealth).
  1977 | D:3      | 1977 ||| Stepping ~*~*~tactically~*~*~ (hiding).
  1984 | D:3      | Reached XP level 4. HP: 34/39 MP: 3/3
  2170 | D:3      | Reached skill level 1 in Dodging
  2176 | D:3      | 2176 ||| FLEEEEING.
  2177 | D:3      | 2177 ||| FLEEEEING.
  2178 | D:3      | 2178 ||| FLEEEEING.
  2179 | D:3      | 2179 ||| FLEEEEING.
  2180 | D:3      | 2180 ||| FLEEEEING.
  2316 | D:3      | 2316 ||| DROPPING +0 whip of venom.
  2549 | D:3      | Reached skill level 6 in Axes
  2549 | D:3      | Found an ancient bone altar of Kikubaaqudgha.
  2682 | D:3      | Found a shimmering blue altar of Sif Muna.
  2743 | D:3      | 2743 ||| Stepping ~*~*~tactically~*~*~ (hiding).
  2785 | D:3      | 2785 ||| READING scroll labelled NIZAEN TO SONO.
  2851 | D:4      | Reached XP level 5. HP: 45/45 MP: 4/4
  2867 | D:4      | HP: 11/45 [iguana (4)]
  2868 | D:4      | HP: 3/45 [iguana (8)]
  3180 | D:4      | Found a runed translucent gate.
  3180 | D:4      | Found a runed translucent gate.
  3180 | D:4      | Found a runed translucent gate.
  3180 | D:4      | Noticed qw's ghost (amateur GrBe)
  3182 | D:4      | 3182 ||| Stepping randomly (stuck).
  3184 | D:4      | Found a basalt altar of Yredelemnul.
  3242 | D:4      | Reached XP level 6. HP: 48/53 MP: 5/5
  3297 | D:4      | 3297 ||| Stepping ~*~*~tactically~*~*~ (stealth).
  3298 | D:4      | 3298 ||| Stepping ~*~*~tactically~*~*~ (stealth).
  3377 | D:4      | 3377 ||| FLEEEEING.
  3378 | D:4      | 3378 ||| FLEEEEING.
  3379 | D:4      | 3379 ||| FLEEEEING.
  3380 | D:4      | 3380 ||| FLEEEEING.
  3381 | D:4      | 3381 ||| FLEEEEING.
  3383 | D:4      | 3383 ||| FLEEEEING.
  3384 | D:4      | 3384 ||| STAIRDANCE
  3426 | D:3      | 3426 ||| READING scroll labelled UVUUSO KUDY.
  3613 | D:4      | Found a staircase to the Ecumenical Temple.
  3677 | D:4      | Found a shadowy altar of Dithmenos.
  3918 | D:4      | 3918 ||| UPGRADING to +0 chain mail.
  3928 | D:4      | 3928 ||| DROPPING +0 scale mail.
  3929 | D:4      | 3929 ||| READING scroll labelled XEKUOM QEQUC.
  3930 | D:4      | 3930 ||| READING 2 scrolls of identify.
  3930 | D:4      | 3930 ||| IDENTIFYING coppery potion
  3931 | D:4      | 3931 ||| DROPPING potion of magic.
  3942 | D:5      | Entered Level 5 of the Dungeon
  4144 | D:5      | Reached XP level 7. HP: 60/60 MP: 6/6
  4160 | D:5      | 4160 ||| Stepping ~*~*~tactically~*~*~ (hiding).
  4184 | D:5      | 4184 ||| Stepping ~*~*~tactically~*~*~ (stealth).
  4228 | D:5      | 4228 ||| Stepping ~*~*~tactically~*~*~ (stealth).
  4249 | D:5      | Found an iron altar of Okawaru.
  4288 | D:5      | Reached skill level 9 in Axes
  4803 | D:5      | Found a snail-covered altar of Cheibriados.
  5134 | D:5      | Found a stormy altar of Qazlal.
  5135 | D:5      | Found a hide-covered altar of Uskayaw.
  5135 | D:5      | Found a sparkling altar of Nemelex Xobeh.
  5136 | D:5      | Found a glowing silver altar of Zin.
  5140 | D:5      | 5140 ||| Stepping ~*~*~tactically~*~*~ (hiding).
  5147 | D:5      | 5147 ||| Stepping ~*~*~tactically~*~*~ (stealth).
  5154 | D:5      | Reached skill level 6 in Fighting
  5217 | D:5      | 5217 ||| READING 2 scrolls labelled PAANAT EMPOW.
  5218 | D:5      | 5218 ||| READING scroll labelled OCOAPL GEDAEJ.
  5219 | D:5      | 5219 ||| DRINKING 2 ruby potions.
  5320 | D:5      | 5320 ||| READING 4 scrolls of identify.
  5320 | D:5      | 5320 ||| IDENTIFYING amethyst potion
  5321 | D:5      | 5321 ||| DROPPING potion of attraction.
  5322 | D:5      | 5322 ||| DROPPING potion of ambrosia.
  5323 | D:5      | 5323 ||| DROPPING scroll of vulnerability.
  5407 | D:4      | 5407 ||| READING scroll of teleportation.
  5480 | D:4      | 5480 ||| PLANNING TEMPLE
  5480 | D:4      | 5480 ||| READING 3 scrolls of identify.
  5480 | D:4      | 5480 ||| IDENTIFYING blue potion
  5483 | Temple   | Entered the Ecumenical Temple
  5488 | Temple   | Became a worshipper of Ru the Awakened
  5489 | Temple   | 5489 ||| Stepping randomly (stuck).
  5490 | Temple   | 5490 ||| PLANNING D:1-11
  5495 | D:4      | 5495 ||| Stepping randomly (stuck).
  5523 | D:6      | Reached XP level 8. HP: 70/70 MP: 7/7
  5567 | D:6      | 5567 ||| Stepping ~*~*~tactically~*~*~ (stealth).
  5589 | D:6      | Identified the +1 robe of the Gloaming {Will+}
  5820 | D:6      | 5820 ||| Stepping ~*~*~tactically~*~*~ (stealth).
  5821 | D:6      | 5821 ||| Stepping ~*~*~tactically~*~*~ (stealth).
  6117 | D:6      | 6117 ||| Stepping ~*~*~tactically~*~*~ (stealth).
  6206 | D:6      | 6206 ||| Stepping ~*~*~tactically~*~*~ (hiding).
  6207 | D:6      | 6207 ||| Stepping ~*~*~tactically~*~*~ (hiding).
  6473 | D:6      | 6473 ||| UPGRADING to ring of poison resistance.
  6474 | D:6      | 6474 ||| READING scroll labelled ATHRUNE KORUNT.
  6637 | D:7      | 6637 ||| INVOKING Sacrifice Love.
  6637 | D:7      | Gained mutation: You are hated by all. [Ru sacrifice]
  6637 | D:7      | Reached * piety under Ru
  6682 | D:7      | Reached skill level 1 in Throwing
  6686 | D:7      | Reached skill level 12 in Axes
  6691 | D:7      | Reached XP level 9. HP: 31/78 MP: 8/8
  7291 | D:7      | Noticed Dowan
  7292 | D:7      | 7292 ||| Stepping ~*~*~tactically~*~*~ (hiding).
  7293 | D:7      | Noticed Duvessa
  7296 | D:7      | Killed Duvessa
  7297 | D:7      | Killed Dowan
  7595 | D:7      | 7595 ||| UPGRADING to +0 kite shield.
  7605 | D:7      | 7605 ||| DROPPING +0 buckler.
  7606 | D:7      | 7606 ||| UPGRADING to +2 pair of boots.
  7616 | D:7      | 7616 ||| DROPPING +0 pair of boots.
  7617 | D:7      | 7617 ||| UPGRADING to +0 plate armour.
  7627 | D:7      | 7627 ||| DROPPING +0 chain mail.
  7628 | D:7      | 7628 ||| READING scroll labelled ASOQUAR LOCIAMP.
  7629 | D:7      | 7629 ||| READING 2 scrolls of identify.
  7629 | D:7      | 7629 ||| IDENTIFYING white potion
  7630 | D:7      | 7630 ||| DROPPING potion of berserk rage.
  7639 | D:8      | Found Lexiu's Magic Scroll Emporium.
  7647 | D:8      | 7647 ||| BUYING 2 scrolls of enchant weapon (195 gold).
  7647 | D:8      | Bought 2 scrolls of enchant weapon for 195 gold pieces
  7647 | D:8      | 7647 ||| BUYING scroll of enchant armour (97 gold).
  7647 | D:8      | Bought a scroll of enchant armour for 97 gold pieces
  7647 | D:8      | 7647 ||| BUYING scroll of enchant armour (97 gold).
  7647 | D:8      | Bought a scroll of enchant armour for 97 gold pieces
  7647 | D:8      | 7647 ||| SHOPLISTING scroll of identify (26 gold, have 7).
  7647 | D:8      | 7647 ||| SHOPLISTING scroll of teleportation (39 gold, have
                  | 7).
  7647 | D:8      | 7647 ||| READING 2 scrolls of enchant weapon.
  7647 | D:8      | 7647 ||| ENCHANTING +1 war axe of electrocution.
  7648 | D:8      | 7648 ||| READING scroll of enchant weapon.
  7648 | D:8      | 7648 ||| ENCHANTING +2 war axe of electrocution.
  7649 | D:8      | 7649 ||| READING 2 scrolls of enchant armour.
  7649 | D:8      | 7649 ||| ENCHANTING +0 plate armour.
  7650 | D:8      | 7650 ||| READING scroll of enchant armour.
  7650 | D:8      | 7650 ||| ENCHANTING +1 plate armour.
  7680 | D:8      | Noticed a two-headed ogre
  7681 | D:8      | 7681 ||| Stepping ~*~*~tactically~*~*~ (stealth).
  7692 | D:8      | 7692 ||| Stepping ~*~*~tactically~*~*~ (stealth).
  7701 | D:8      | Killed a two-headed ogre
  8007 | D:8      | 8007 ||| READING scroll of enchant weapon.
  8007 | D:8      | 8007 ||| ENCHANTING +3 war axe of electrocution.
  8013 | D:8      | 8013 ||| Stepping ~*~*~tactically~*~*~ (hiding).
  8014 | D:8      | 8014 ||| Stepping ~*~*~tactically~*~*~ (hiding).
  8017 | D:8      | 8017 ||| Stepping ~*~*~tactically~*~*~ (hiding).
  8026 | D:8      | 8026 ||| Stepping ~*~*~tactically~*~*~ (stealth).
  8037 | D:8      | Noticed Erica
  8038 | D:8      | 8038 ||| Stepping ~*~*~tactically~*~*~ (hiding).
  8053 | D:8      | Killed Erica
  8134 | D:8      | Noticed a komodo dragon
  8140 | D:8      | Killed a komodo dragon
  8141 | D:8      | Reached XP level 10. HP: 86/86 MP: 9/9
  8154 | D:8      | 8154 ||| Stepping ~*~*~tactically~*~*~ (hiding).
  8162 | D:8      | 8162 ||| Stepping ~*~*~tactically~*~*~ (hiding).
  8175 | D:8      | 8175 ||| Stepping ~*~*~tactically~*~*~ (cloud).
  8206 | D:8      | 8206 ||| DROPPING +0 flail.
  8207 | D:8      | Found a staircase to the Lair.
  8273 | D:8      | 8273 ||| FLEEEEING.
  8274 | D:8      | 8274 ||| FLEEEEING.
  8275 | D:8      | 8275 ||| Stepping ~*~*~tactically~*~*~ (hiding).
  8276 | D:8      | 8276 ||| FLEEEEING.
  8473 | D:8      | Reached skill level 9 in Shields
  8885 | D:8      | 8885 ||| UPGRADING to +1 cloak.
  8890 | D:8      | 8890 ||| UPGRADING to +0 plate armour of fire resistance.
  8966 | D:9      | Found a broken altar of Ashenzari.
  8995 | D:9      | Noticed Maggie
  9010 | D:9      | Killed Maggie
  9053 | D:9      | 9053 ||| DROPPING +1 flail.
  9109 | D:9      | Found a shimmering altar of Xom.
  9110 | D:9      | 9110 ||| INVOKING Sacrifice Essence.
  9110 | D:9      | Gained mutation: Your casting is slightly disrupted. [Ru
                  | sacrifice]
  9110 | D:9      | Reached ** piety under Ru
  9120 | D:9      | Found a shimmering altar of Xom.
  9120 | D:9      | Found a shimmering altar of Xom.
  9120 | D:9      | Found a shimmering altar of Xom.
  9121 | D:9      | Found a shimmering altar of Xom.
  9121 | D:9      | Found a shimmering altar of Xom.
  9251 | D:9      | 9251 ||| Stepping ~*~*~tactically~*~*~ (stealth).
  9253 | D:9      | 9253 ||| Stepping ~*~*~tactically~*~*~ (stealth).
  9352 | D:9      | 9352 ||| Stepping ~*~*~tactically~*~*~ (stealth).
  9354 | D:9      | 9354 ||| Stepping ~*~*~tactically~*~*~ (hiding).
  9365 | D:9      | 9365 ||| Stepping ~*~*~tactically~*~*~ (stealth).
  9390 | D:9      | 9390 ||| READING scroll of enchant armour.
  9390 | D:9      | 9390 ||| ENCHANTING +0 plate armour of fire resistance.
  9488 | D:9      | Found an ornate altar of the Wu Jian Council.
  9495 | D:9      | Found a faded altar of an unknown god.
  9497 | D:9      | Found a faded altar of an unknown god.
  9499 | D:9      | Found an opulent altar of Gozag.
  9617 | D:9      | 9617 ||| Stepping ~*~*~tactically~*~*~ (stealth).
  9882 | D:9      | 9882 ||| UPGRADING to +0 pair of gloves.
  9887 | D:9      | 9887 ||| DROPPING ring of magical power.
  9888 | D:9      | 9888 ||| READING scroll labelled KUATROUTEA.
  9889 | D:9      | 9889 ||| READING 2 scrolls of identify.
  9889 | D:9      | 9889 ||| IDENTIFYING metallic blue potion
  9890 | D:9      | 9890 ||| DROPPING potion of flight.
  9928 | D:10     | Entered Level 10 of the Dungeon
  9929 | D:10     | 9929 ||| STAIRDANCE
  9941 | D:10     | 9941 ||| STAIRDANCE
 10100 | D:10     | Reached XP level 11. HP: 94/94 MP: 10/10
 10137 | D:10     | 10137 ||| Stepping randomly (disturbance).
 10195 | D:10     | 10195 ||| Stepping ~*~*~tactically~*~*~ (stealth).
 10204 | D:10     | 10204 ||| Stepping ~*~*~tactically~*~*~ (hiding).
 10206 | D:10     | 10206 ||| Stepping ~*~*~tactically~*~*~ (hiding).
 10209 | D:10     | 10209 ||| Stepping ~*~*~tactically~*~*~ (hiding).
 10213 | D:10     | Found a staircase to the Orcish Mines.
 10477 | D:10     | Found a runed translucent gate.
 10477 | D:10     | Found a runed translucent gate.
 10478 | D:10     | Found a runed translucent gate.
 10479 | D:10     | Found an opulent altar of Gozag.
 10479 | D:10     | Noticed qw's ghost (journeyman GrBe)
 10479 | D:10     | Noticed a two-headed ogre
 10480 | D:10     | Noticed an obsidian statue
 10481 | D:10     | Noticed a green ugly thing
 10490 | D:10     | 10490 ||| READING scroll of enchant weapon.
 10490 | D:10     | 10490 ||| ENCHANTING +4 war axe of electrocution.
 10887 | D:10     | 10887 ||| READING 3 scrolls of teleportation.
 11016 | D:11     | Noticed a two-headed ogre
 11022 | D:11     | Killed a two-headed ogre
 11023 | D:11     | Reached skill level 15 in Axes
 11091 | D:11     | Noticed Erolcha
 11098 | D:11     | 11098 ||| FLEEEEING.
 11099 | D:11     | 11099 ||| FLEEEEING.
 11100 | D:11     | 11100 ||| FLEEEEING.
 11101 | D:11     | 11101 ||| FLEEEEING.
 11102 | D:11     | 11102 ||| FLEEEEING.
 11103 | D:11     | 11103 ||| FLEEEEING.
 11104 | D:11     | 11104 ||| FLEEEEING.
 11111 | D:11     | 11111 ||| FLEEEEING.
 11112 | D:11     | 11112 ||| FLEEEEING.
 11113 | D:11     | 11113 ||| FLEEEEING.
 11114 | D:11     | 11114 ||| FLEEEEING.
 11115 | D:11     | 11115 ||| FLEEEEING.
 11122 | D:11     | 11122 ||| STAIRDANCE
 11266 | D:10     | 11266 ||| UPGRADING to ring of resist corrosion.
 11282 | D:11     | Found a stormy altar of Qazlal.
 11287 | D:11     | 11287 ||| Stepping ~*~*~tactically~*~*~ (hiding).
 11288 | D:11     | 11288 ||| Stepping ~*~*~tactically~*~*~ (stealth).
 11294 | D:11     | Reached skill level 3 in Dodging
 11450 | D:11     | Reached skill level 9 in Fighting
 11613 | D:11     | Noticed a two-headed ogre
 11619 | D:11     | Killed a two-headed ogre
 11638 | D:11     | 11638 ||| Stepping ~*~*~tactically~*~*~ (stealth).
 11669 | D:11     | 11669 ||| Stepping ~*~*~tactically~*~*~ (stealth).
 11670 | D:11     | 11670 ||| Stepping ~*~*~tactically~*~*~ (stealth).
 11671 | D:11     | 11671 ||| Stepping ~*~*~tactically~*~*~ (stealth).
 11680 | D:11     | Killed Erolcha
 11681 | D:11     | Reached skill level 9 in Armour
 11704 | D:11     | Noticed a deep elf pyromancer
 11823 | D:11     | Identified the +1 ring mail of the Snake Pit {Dex+3}
 12016 | D:11     | 12016 ||| INVOKING Sacrifice Experience.
 12016 | D:11     | Gained mutation: You are somewhat inexperienced. (-1 XL)
                  | [Ru sacrifice]
 12016 | D:11     | Reached XP level 10. HP: 91/91 MP: 9/9
 12016 | D:11     | Reached *** piety under Ru
 12054 | D:11     | Noticed a two-headed ogre
 12062 | D:11     | Killed a two-headed ogre
 12193 | D:11     | 12193 ||| PLANNING LAIR
 12193 | D:11     | 12193 ||| READING 3 scrolls of identify.
 12193 | D:11     | 12193 ||| IDENTIFYING brown potion
 12194 | D:11     | 12194 ||| READING 2 scrolls of identify.
 12194 | D:11     | 12194 ||| IDENTIFYING emerald potion
 12195 | D:11     | 12195 ||| DROPPING potion of lignification.
 12196 | D:11     | 12196 ||| DROPPING potion of brilliance.
 12278 | Lair:1   | Entered Level 1 of the Lair of Beasts
 12507 | Lair:1   | Found a frozen archway.
 13215 | Lair:1   | 13215 ||| READING 2 scrolls of identify.
 13215 | Lair:1   | 13215 ||| IDENTIFYING fuming green potion
 13248 | Lair:2   | Noticed Harold
 13249 | Lair:2   | 13249 ||| Stepping ~*~*~tactically~*~*~ (hiding).
 13252 | Lair:2   | 13252 ||| Stepping ~*~*~tactically~*~*~ (hiding).
 13265 | Lair:2   | Killed Harold
 13266 | Lair:2   | Reached XP level 11. HP: 49/97 MP: 10/10
 13833 | Lair:2   | 13833 ||| Stepping ~*~*~tactically~*~*~ (stealth).
 13871 | Lair:2   | 13871 ||| Stepping ~*~*~tactically~*~*~ (stealth).
 13963 | Lair:2   | 13963 ||| Stepping ~*~*~tactically~*~*~ (stealth).
 14097 | Lair:2   | Noticed a four-headed hydra
 14101 | Lair:2   | 14101 ||| SWAPPING to +0 morningstar.
 14108 | Lair:2   | Killed a four-headed hydra
 14109 | Lair:2   | 14109 ||| SWAPPING to +5 war axe of electrocution.
 14411 | Lair:2   | 14411 ||| INVOKING Sacrifice Artifice.
 14411 | Lair:2   | Gained mutation: You cannot study or use magical devices.
                  | [Ru sacrifice]
 14411 | Lair:2   | Reached **** piety under Ru
 14411 | Lair:2   | Reached ***** piety under Ru
 14645 | Lair:2   | 14645 ||| Stepping ~*~*~tactically~*~*~ (stealth).
 14693 | Lair:2   | 14693 ||| UPGRADING to +0 tower shield.
 14703 | Lair:2   | 14703 ||| DROPPING +0 kite shield.
 14704 | Lair:2   | 14704 ||| DROPPING +1 cloak.
 14705 | Lair:2   | 14705 ||| UPGRADING to amulet of regeneration.
 14710 | Lair:2   | 14710 ||| DROPPING amulet of faith.
 14711 | Lair:2   | 14711 ||| READING scroll labelled GIAMYMN WOJE.
 14712 | Lair:2   | 14712 ||| READING scroll labelled YHIOSA MAOFI.
 14712 | Lair:2   | Identified a scroll of acquirement
 14712 | Lair:2   | 14712 ||| ACQUIRING +0 hat of Instinct {Dex+9}
 14712 | Lair:2   | Acquired the +0 hat of Instinct {Dex+9}
 14714 | Lair:2   | 14714 ||| UPGRADING to +0 hat of Instinct {Dex+9}.
 14719 | Lair:2   | 14719 ||| DROPPING wand of digging (8).
 14756 | Lair:3   | 14756 ||| Stepping ~*~*~tactically~*~*~ (stealth).
 14759 | Lair:3   | 14759 ||| Stepping ~*~*~tactically~*~*~ (stealth).
 14765 | Lair:3   | 14765 ||| Stepping ~*~*~tactically~*~*~ (stealth).
 14767 | Lair:3   | 14767 ||| INVOKING Apocalypse.
 14768 | Lair:3   | 14768 ||| FLEEEEING.
 14769 | Lair:3   | 14769 ||| FLEEEEING.
 14770 | Lair:3   | 14770 ||| FLEEEEING.
 14771 | Lair:3   | 14771 ||| STAIRDANCE
 14836 | Lair:3   | 14836 ||| STAIRDANCE
 14852 | Lair:3   | 14852 ||| STAIRDANCE
 14859 | Lair:3   | 14859 ||| STAIRDANCE
 14863 | Lair:2   | Reached skill level 12 in Shields
 14913 | Lair:3   | Noticed a catoblepas
 14914 | Lair:3   | 14914 ||| INVOKING Apocalypse.
 14914 | Lair:3   | Killed a catoblepas
 14933 | Lair:3   | 14933 ||| FLEEEEING.
 14934 | Lair:3   | 14934 ||| FLEEEEING.
 14935 | Lair:3   | 14935 ||| STAIRDANCE
 14996 | Lair:3   | 14996 ||| Stepping ~*~*~tactically~*~*~ (stealth).
 15001 | Lair:3   | Found a staircase to the Shoals.
 15005 | Lair:3   | Identified the +4 robe "Sosie" {rPois rF+ Int-5 Slay+4}
 15174 | Lair:3   | 15174 ||| Stepping ~*~*~tactically~*~*~ (stealth).
 15175 | Lair:3   | 15175 ||| Stepping ~*~*~tactically~*~*~ (stealth).
 15176 | Lair:3   | 15176 ||| Stepping ~*~*~tactically~*~*~ (stealth).
 15222 | Lair:3   | 15222 ||| INVOKING Apocalypse.
 15250 | Lair:3   | 15250 ||| Stepping ~*~*~tactically~*~*~ (stealth).
 15251 | Lair:3   | 15251 ||| Stepping ~*~*~tactically~*~*~ (stealth).
 15252 | Lair:3   | 15252 ||| FLEEEEING.
 15253 | Lair:3   | 15253 ||| FLEEEEING.
 15254 | Lair:3   | 15254 ||| FLEEEEING.
 15271 | Lair:3   | 15271 ||| Stepping ~*~*~tactically~*~*~ (hiding).
 15327 | Lair:3   | Noticed Gastronok
 15328 | Lair:3   | 15328 ||| Stepping ~*~*~tactically~*~*~ (hiding).
 15330 | Lair:3   | 15330 ||| Stepping ~*~*~tactically~*~*~ (hiding).
 15332 | Lair:3   | 15332 ||| Stepping ~*~*~tactically~*~*~ (hiding).
 15345 | Lair:3   | Killed Gastronok
 15557 | Lair:3   | 15557 ||| Stepping ~*~*~tactically~*~*~ (hiding).
 15668 | Lair:3   | Found a hole to the Spider Nest.
 15715 | Lair:3   | 15715 ||| UPGRADING to +6 ring of strength.
 15717 | Lair:3   | 15717 ||| READING 2 scrolls of identify.
 15717 | Lair:3   | 15717 ||| IDENTIFYING puce potion
 15741 | Lair:4   | 15741 ||| STAIRDANCE
 15748 | Lair:4   | 15748 ||| STAIRDANCE
 15752 | Lair:3   | Reached XP level 12. HP: 108/108 MP: 11/11
 15765 | Lair:4   | 15765 ||| STAIRDANCE
 15770 | Lair:4   | 15770 ||| INVOKING Apocalypse.
 15771 | Lair:4   | 15771 ||| STAIRDANCE
 15851 | Lair:4   | 15851 ||| Stepping ~*~*~tactically~*~*~ (stealth).
 15853 | Lair:4   | 15853 ||| Stepping ~*~*~tactically~*~*~ (stealth).
 15880 | Lair:4   | 15880 ||| Stepping ~*~*~tactically~*~*~ (stealth).
 15909 | Lair:4   | 15909 ||| Stepping ~*~*~tactically~*~*~ (stealth).
 15923 | Lair:4   | 15923 ||| Stepping ~*~*~tactically~*~*~ (stealth).
 15938 | Lair:4   | 15938 ||| FLEEEEING.
 15939 | Lair:4   | 15939 ||| FLEEEEING.
 15940 | Lair:4   | 15940 ||| FLEEEEING.
 15941 | Lair:4   | 15941 ||| FLEEEEING.
 15942 | Lair:4   | 15942 ||| FLEEEEING.
 15943 | Lair:4   | 15943 ||| FLEEEEING.
 15944 | Lair:4   | 15944 ||| FLEEEEING.
 15945 | Lair:4   | 15945 ||| FLEEEEING.
 15946 | Lair:4   | 15946 ||| FLEEEEING.
 15947 | Lair:4   | 15947 ||| FLEEEEING.
 15948 | Lair:4   | 15948 ||| STAIRDANCE
 15971 | Lair:4   | 15971 ||| Stepping ~*~*~tactically~*~*~ (stealth).
 15972 | Lair:4   | 15972 ||| Stepping ~*~*~tactically~*~*~ (stealth).
 15974 | Lair:4   | 15974 ||| Stepping ~*~*~tactically~*~*~ (stealth).
 15976 | Lair:4   | 15976 ||| Stepping ~*~*~tactically~*~*~ (stealth).
 15988 | Lair:4   | 15988 ||| Stepping ~*~*~tactically~*~*~ (stealth).
 16161 | Lair:4   | Reached skill level 6 in Dodging
 16234 | Lair:4   | 16234 ||| Stepping ~*~*~tactically~*~*~ (stealth).
 16242 | Lair:4   | 16242 ||| INVOKING Sacrifice Experience.
 16242 | Lair:4   | Gained mutation: You are inexperienced. (-2 XL) [Ru
                  | sacrifice]
 16242 | Lair:4   | Reached XP level 11. HP: 101/101 MP: 10/10
 16242 | Lair:4   | Reached ****** piety under Ru
 16357 | Lair:4   | Found a staircase to the Slime Pits.
 16448 | Lair:4   | 16448 ||| INVOKING Apocalypse.
 16576 | Lair:4   | 16576 ||| DROPPING +2 hat.
 16577 | Lair:4   | 16577 ||| UPGRADING to +4 ring of protection.
 16579 | Lair:4   | 16579 ||| DROPPING ring of resist corrosion.
 16580 | Lair:4   | 16580 ||| READING scroll labelled WIH JUTOESTOYTS.
 16656 | Lair:5   | Entered Level 5 of the Lair of Beasts
 16668 | Lair:5   | Reached skill level 15 in Shields
 16745 | Lair:5   | 16745 ||| FLEEEEING.
 16759 | Lair:5   | 16759 ||| FLEEEEING.
 16760 | Lair:5   | 16760 ||| FLEEEEING.
 16761 | Lair:5   | 16761 ||| FLEEEEING.
 16807 | Lair:5   | 16807 ||| Stepping ~*~*~tactically~*~*~ (hiding).
 16825 | Lair:5   | 16825 ||| Stepping ~*~*~tactically~*~*~ (hiding).
 16829 | Lair:5   | 16829 ||| INVOKING Apocalypse.
 16830 | Lair:5   | 16830 ||| FLEEEEING.
 16841 | Lair:5   | 16841 ||| FLEEEEING.
 16853 | Lair:5   | 16853 ||| FLEEEEING.
 16854 | Lair:5   | 16854 ||| FLEEEEING.
 16855 | Lair:5   | 16855 ||| FLEEEEING.
 16856 | Lair:5   | 16856 ||| FLEEEEING.
 16857 | Lair:5   | 16857 ||| FLEEEEING.
 16858 | Lair:5   | 16858 ||| FLEEEEING.
 16859 | Lair:5   | 16859 ||| FLEEEEING.
 16860 | Lair:5   | 16860 ||| FLEEEEING.
 16861 | Lair:5   | 16861 ||| FLEEEEING.
 16862 | Lair:5   | 16862 ||| FLEEEEING.
 16863 | Lair:5   | 16863 ||| STAIRDANCE
 17052 | Lair:5   | Found a hide-covered altar of Uskayaw.
 17053 | Lair:5   | 17053 ||| INVOKING Apocalypse.
 17054 | Lair:5   | 17054 ||| FLEEEEING.
 17055 | Lair:5   | 17055 ||| FLEEEEING.
 17058 | Lair:5   | 17058 ||| FLEEEEING.
 17059 | Lair:5   | 17059 ||| FLEEEEING.
 17060 | Lair:5   | 17060 ||| FLEEEEING.
 17061 | Lair:5   | 17061 ||| FLEEEEING.
 17065 | Lair:5   | 17065 ||| STAIRDANCE
 17119 | Lair:4   | 17119 ||| READING 2 scrolls of identify.
 17119 | Lair:4   | 17119 ||| IDENTIFYING smoky amethyst potion
 17122 | Lair:5   | 17122 ||| INVOKING Apocalypse.
 17123 | Lair:5   | 17123 ||| SWAPPING to +0 morningstar.
 17124 | Lair:5   | 17124 ||| STAIRDANCE
 17127 | Lair:4   | 17127 ||| SWAPPING to +5 war axe of electrocution.
 17191 | Lair:5   | 17191 ||| STAIRDANCE
 17198 | Lair:5   | 17198 ||| STAIRDANCE
 17205 | Lair:5   | 17205 ||| STAIRDANCE
 17239 | Lair:5   | 17239 ||| STAIRDANCE
 17249 | Lair:5   | 17249 ||| STAIRDANCE
 17271 | Lair:5   | 17271 ||| STAIRDANCE
 17281 | Lair:5   | 17281 ||| STAIRDANCE
 17291 | Lair:5   | 17291 ||| Stepping ~*~*~tactically~*~*~ (stealth).
 17312 | Lair:5   | 17312 ||| FLEEEEING.
 17313 | Lair:5   | 17313 ||| STAIRDANCE
 17333 | Lair:5   | 17333 ||| Stepping ~*~*~tactically~*~*~ (stealth).
 17338 | Lair:5   | 17338 ||| Stepping ~*~*~tactically~*~*~ (stealth).
 17339 | Lair:5   | 17339 ||| Stepping ~*~*~tactically~*~*~ (stealth).
 17352 | Lair:5   | Reached skill level 12 in Fighting
 17361 | Lair:5   | 17361 ||| Stepping ~*~*~tactically~*~*~ (stealth).
 17363 | Lair:5   | 17363 ||| Stepping ~*~*~tactically~*~*~ (stealth).
 17587 | Lair:5   | Noticed a dire elephant
 17588 | Lair:5   | 17588 ||| INVOKING Apocalypse.
 17589 | Lair:5   | 17589 ||| FLEEEEING.
 17590 | Lair:5   | 17590 ||| FLEEEEING.
 17598 | Lair:5   | 17598 ||| FLEEEEING.
 17599 | Lair:5   | 17599 ||| FLEEEEING.
 17600 | Lair:5   | 17600 ||| FLEEEEING.
 17604 | Lair:5   | 17604 ||| FLEEEEING.
 17605 | Lair:5   | 17605 ||| FLEEEEING.
 17606 | Lair:5   | 17606 ||| FLEEEEING.
 17608 | Lair:5   | 17608 ||| FLEEEEING.
 17609 | Lair:5   | 17609 ||| FLEEEEING.
 17610 | Lair:5   | 17610 ||| FLEEEEING.
 17612 | Lair:5   | 17612 ||| FLEEEEING.
 17614 | Lair:5   | 17614 ||| FLEEEEING.
 17615 | Lair:5   | 17615 ||| FLEEEEING.
 17616 | Lair:5   | 17616 ||| FLEEEEING.
 17625 | Lair:5   | 17625 ||| FLEEEEING.
 17626 | Lair:5   | 17626 ||| FLEEEEING.
 17627 | Lair:5   | 17627 ||| FLEEEEING.
 17628 | Lair:5   | 17628 ||| FLEEEEING.
 17629 | Lair:5   | 17629 ||| FLEEEEING.
 17630 | Lair:5   | 17630 ||| FLEEEEING.
 17631 | Lair:5   | 17631 ||| FLEEEEING.
 17632 | Lair:5   | 17632 ||| FLEEEEING.
 17674 | Lair:5   | 17674 ||| SWAPPING to +0 morningstar.
 17681 | Lair:5   | 17681 ||| SWAPPING to +5 war axe of electrocution.
 17830 | Lair:5   | 17830 ||| INVOKING Apocalypse.
 17834 | Lair:5   | 17834 ||| SWAPPING to +0 morningstar.
 17840 | Lair:5   | 17840 ||| SWAPPING to +5 war axe of electrocution.
 17924 | Lair:5   | Killed a dire elephant
 17925 | Lair:5   | Reached XP level 12. HP: 47/95 MP: 11/11
 17927 | Lair:5   | HP: 23/95 [ice devil (16)]
 17928 | Lair:5   | 17928 ||| READING 3 scrolls of teleportation.
 17932 | Lair:5   | HP: 21/96 [poisoned by an orange demon]
 17933 | Lair:5   | 17933 ||| DRINKING 3 potions of heal wounds.
 18096 | Lair:5   | 18096 ||| Stepping ~*~*~tactically~*~*~ (stealth).
 18151 | Lair:5   | 18151 ||| Stepping ~*~*~tactically~*~*~ (stealth).
 18165 | Lair:5   | 18165 ||| Stepping ~*~*~tactically~*~*~ (hiding).
 18177 | Lair:5   | 18177 ||| Stepping ~*~*~tactically~*~*~ (hiding).
 18192 | Lair:5   | 18192 ||| Stepping ~*~*~tactically~*~*~ (stealth).
 18195 | Lair:5   | 18195 ||| Stepping ~*~*~tactically~*~*~ (hiding).
 18217 | Lair:5   | Found a burning altar of Makhleb.
 18223 | Lair:5   | Found a gateway to Hell.
 18286 | Lair:5   | Reached skill level 12 in Armour
 18291 | Lair:5   | 18291 ||| PLANNING D
 18541 | D:12     | 18541 ||| INVOKING Apocalypse.
 18542 | D:12     | 18542 ||| FLEEEEING.
 18543 | D:12     | 18543 ||| FLEEEEING.
 18551 | D:12     | 18551 ||| STAIRDANCE
 18616 | D:12     | 18616 ||| SWAPPING to +0 morningstar.
 18622 | D:12     | 18622 ||| SWAPPING to +5 war axe of electrocution.
 18638 | D:12     | 18638 ||| FLEEEEING.
 18639 | D:12     | 18639 ||| FLEEEEING.
 18643 | D:12     | 18643 ||| FLEEEEING.
 18644 | D:12     | 18644 ||| FLEEEEING.
 18645 | D:12     | 18645 ||| FLEEEEING.
 18646 | D:12     | 18646 ||| FLEEEEING.
 18647 | D:12     | 18647 ||| FLEEEEING.
 18648 | D:12     | 18648 ||| FLEEEEING.
 18649 | D:12     | 18649 ||| FLEEEEING.
 18650 | D:12     | 18650 ||| FLEEEEING.
 18651 | D:12     | 18651 ||| FLEEEEING.
 18652 | D:12     | 18652 ||| FLEEEEING.
 18653 | D:12     | 18653 ||| STAIRDANCE
 18757 | D:12     | 18757 ||| STAIRDANCE
 18768 | D:12     | 18768 ||| STAIRDANCE
 18808 | D:12     | 18808 ||| STAIRDANCE
 18823 | D:12     | 18823 ||| STAIRDANCE
 18842 | D:12     | 18842 ||| Stepping ~*~*~tactically~*~*~ (hiding).
 19251 | D:13     | 19251 ||| STAIRDANCE
 19266 | D:13     | 19266 ||| STAIRDANCE
 19275 | D:13     | 19275 ||| STAIRDANCE
 19277 | D:12     | 19277 ||| INVOKING Apocalypse.
 19278 | D:12     | 19278 ||| SWAPPING to +0 morningstar.
 19281 | D:12     | 19281 ||| SWAPPING to +5 war axe of electrocution.
 19346 | D:13     | 19346 ||| STAIRDANCE
 19361 | D:13     | 19361 ||| DRINKING 2 potions of curing.
 19361 | D:13     | 19361 ||| (to cure confusion)
 19383 | D:13     | 19383 ||| FLEEEEING.
 19384 | D:13     | 19384 ||| FLEEEEING.
 19385 | D:13     | 19385 ||| FLEEEEING.
 19386 | D:13     | 19386 ||| FLEEEEING.
 19387 | D:13     | 19387 ||| FLEEEEING.
 19390 | D:13     | 19390 ||| FLEEEEING.
 19513 | D:13     | 19513 ||| Stepping ~*~*~tactically~*~*~ (hiding).
 19565 | D:13     | 19565 ||| Stepping ~*~*~tactically~*~*~ (hiding).
 19716 | D:13     | 19716 ||| INVOKING Apocalypse.
 19789 | D:13     | You fall into a shaft and drop 1 floor!
 19829 | D:14     | Found Fouchumu's Weapon Shop.
 19923 | D:14     | Noticed Louise
 19924 | D:14     | 19924 ||| INVOKING Apocalypse.
 19939 | D:14     | Killed Louise
 19946 | D:14     | 19946 ||| FLEEEEING.
 19947 | D:14     | 19947 ||| FLEEEEING.
 19948 | D:14     | 19948 ||| FLEEEEING.
 19949 | D:14     | 19949 ||| STAIRDANCE
 20054 | D:13     | 20054 ||| DRINKING potion of curing.
 20054 | D:13     | 20054 ||| (to cure confusion)
 20107 | D:13     | 20107 ||| DRINKING 2 potions of cancellation.
 20117 | D:13     | HP: 23/103 [large slime creature[an orange crystal statue]
                  | (27)]
 20118 | D:13     | 20118 ||| DRINKING 2 potions of heal wounds.
 20122 | D:13     | 20122 ||| DRINKING potion of heal wounds.
 20128 | D:13     | HP: 1/103 [very large slime creature[an orange crystal
                  | statue] (33)]
 20128 | D:13     | Slain by a slime creature

Levels and vault maps discovered:
D:1:      dpeg_arrival_boxes_within_box, layout_basic, minmay_tall_x
D:2:      layout_rooms, ebering_ecumenical_altar_ruins
D:3:      layout_loops_ring, kiku_gazebo_garden_becter, lemuel_blue_sif_altar
D:4:      layout_basic, kennysheep_little_box, nicolae_yredelemnul_ghost_church,
          minmay_temple_entry_from_below_a
D:5:      layout_loops_ring, mainiacjoe_overflow_chevrons, lemuel_round_altar,
          chequers_temple_overflow_statue_of_worship
D:6:      layout_gridville, minmay_holes, minmay_checkerbox
D:7:      layout_loops_cross, uniq_duvessa
D:8:      layout_basic, david_lair_shrubbed, nicolae_stop_n_shop_1, uniq_erica
D:9:      layout_irregular_city, fedhas_altar_2,
          mainiacjoe_overflow_surrounded_room, xom_shifter_show,
          chequers_temple_overflow_minitemple, uniq_maggie
D:10:     layout_roguey, david_orc_2, ebering_ghost_gozag
D:11:     layout_gridville, corexii_corridor_pit, grunt_qazlal_sundering,
          uniq_erolcha
D:12:     layout_big_octagon
D:13:     minmay_statue_hallways, layout_rooms, david_vaults_5
D:14:     nrook_guardian_serpent_snake_passage, layout_loops_corners,
          serial_shops, shop, minivault_27, uniq_louise
Temple:   hellmonk_temple_micro_hex
Lair:1:   layout_big_grid, portal_ice_cave_entry_ice_simulacra, minivault_11
Lair:2:   layout_cave_pods, st_stairs_4, uniq_harold
Lair:3:   layout_misc_corridors, shoals_dummy_entry,
          spider_nest_entry_funnel_web, cheibrodos_lair_reptile_den,
          grunt_megastairs_3, uniq_gastronok
Lair:4:   layout_long_grid, minmay_slime_entry_jelly_boxes
Lair:5:   evil_forest, layout_regular_city, basic_altar, nicolae_lair_lindhole

Skill      XL: |  1  2  3  4  5  6  7  8  9 10 11 12 |
---------------+-------------------------------------+-----
Axes           | 3 4 5 6 7 8 10 12 17 15 | 17.0
Dodging        | 1 2 7 8 |  8.0
Fighting       | 4 6 7 8 12 13 | 13.0
Armour         | 4 7 8 11 13 | 13.0
Shields        | 4 7 10 16 17 | 17.6
Throwing       | 1 |  1.2

Action                   |  1- 3 |  4- 6 |  7- 9 | 10-12 || total
-------------------------+-------+-------+-------+-------++-------
Melee: War axe           |    69 |   131 |   151 |   898 ||  1249
       Headbutt          |    13 |    19 |    29 |   217 ||   278
       Morningstar       |       |       |       |    19 ||    19
Throw: Boomerang         |       |       |     9 |    38 ||    47
Invok: Sacrifice Love    |       |       |     1 |       ||     1
       Sacrifice Experie |       |       |       |     2 ||     2
       Sacrifice Essence |       |       |       |     1 ||     1
       Apocalypse        |       |       |       |    14 ||    14
       Sacrifice Artific |       |       |       |     1 ||     1
  Use: Scroll            |     8 |     4 |    13 |    14 ||    39
       Potion            |     1 |       |     1 |     6 ||     8
 Stab: Distracted        |       |       |       |     3 ||     3
       Paralysed         |       |       |       |     8 ||     8
       Invisible         |       |       |       |     2 ||     2
Armor: Scale mail        |    25 |    43 |       |       ||    68
       Chain mail        |       |     4 |    52 |       ||    56
       Plate armour      |       |       |     3 |   409 ||   412
Dodge: Dodged            |    29 |    44 |    41 |   208 ||   322
Block: Buckler           |    12 |    29 |    22 |       ||    63
       Kite shield       |       |       |     3 |   133 ||   136
       Tower shield      |       |       |       |   530 ||   530

Table legend:
 A = Non-vault XP
 B = Vault XP
 C = Vault XP percentage of total XP
 D = Non-vault monster count
 E = Vault monster count
 F = Vault count percentage of total count
                 A         B        C        D         E       F
            +---------+---------+-------+---------+---------+-------
      Total |   61142 |   27475 |  31.0 |     361 |      89 |  19.8
            +---------+---------+-------+---------+---------+-------
        D:1 |      17 |       7 |  29.2 |      10 |       4 |  28.6
        D:2 |      45 |       0 |   0.0 |      20 |       0 |   0.0
        D:3 |     114 |       0 |   0.0 |      21 |       0 |   0.0
        D:4 |     297 |      99 |  25.0 |      29 |       2 |   6.5
        D:5 |     844 |       0 |   0.0 |      21 |       0 |   0.0
        D:6 |     658 |     282 |  30.0 |      13 |       4 |  23.5
        D:7 |     960 |     221 |  18.7 |      16 |       2 |  11.1
        D:8 |    1684 |    1203 |  41.7 |      13 |       2 |  13.3
        D:9 |    3921 |     376 |   8.8 |      31 |       1 |   3.1
       D:10 |    1500 |      15 |   1.0 |      11 |       5 |  31.2
       D:11 |    5887 |     854 |  12.7 |      17 |       1 |   5.6
       D:12 |    5355 |       0 |   0.0 |      16 |       0 |   0.0
       D:13 |    2983 |    5305 |  64.0 |      12 |       9 |  42.9
       D:14 |    1161 |    1654 |  58.8 |       3 |       2 |  40.0
     Lair:1 |    4027 |     282 |   6.5 |      17 |       3 |  15.0
     Lair:2 |    7190 |    1518 |  17.4 |      25 |       5 |  16.7
     Lair:3 |    4405 |    4083 |  48.1 |      13 |       9 |  40.9
     Lair:4 |    7974 |     954 |  10.7 |      40 |      15 |  27.3
     Lair:5 |   12120 |   10622 |  46.7 |      33 |      25 |  43.1
            +---------+---------+-------+---------+---------+-------
